Workbook

Sheet PRESUPUESTO BICABA SAS
B1: RESUMEN CONTRATO MANTENIMIENTO OBRAS CIVILES
B2: PRESUPUESTO MANTENIMIENTO OBRAS CIVILES
B3: ITEM | C3: DESCRIPCION | D3: UNID | E3: CAN. | F3: VR. UNIT | G3: VR. TOTAL
B4: 1 | C4: PRELIMINARES
B5: 1.1 | C5: Retiro de muros interiores de lámina desuperboard, incluye limpieza. | D5: M2 | E5: 114 | F5: 5000 | G5: =+E5*F5 -> 570000
B6: 1.2 | C6: Limpieza y lavado general de los 12 modulos (interior y exterior) | D6: GLB | E6: 1 | F6: 2500000 | G6: =+E6*F6 -> 2500000
B7: 2 | C7: MANTENIMIENTO ESTRUCTURA METÁLICA
B8: 2.1 | C8: Mantenimiento estructura metálica en pintura de aceite 2 en 1 color negro (por modulo) | D8: UND. | E8: 12 | F8: 520000 | G8: =+E8*F8 -> 6240000
B9: 2.2 | C9: Revestimineto muros interiores en lámina superboard 6 mm | D9: M2 | E9: 140 | F9: 105000 | G9: =+E9*F9 -> 14700000
B10: 2.3 | C10: Suministro e instalación de aislamiento térmico en frescaza | D10: M2 | E10: 140 | F10: 16000 | G10: =+E10*F10 -> 2240000
B11: 2.4 | C11: Pintura de vinilo tipo 2 (2 manos) | D11: M2 | E11: 140 | F11: 22000 | G11: =+E11*F11 -> 3080000
B12: 3 | C12: ACTIVIDADES VARIAS
B13: 3.1 | C13: Siministro e instalación teja greca bronce | D13: M2 | E13: 10 | F13: 125000 | G13: =+E13*F13 -> 1250000
B14: 3.2 | C14: Suministro e instalación de desague sanitario | D14: UND | E14: 1 | F14: 60000 | G14: =+E14*F14 -> 60000
B15: 3.3 | C15: Suministro e instalación de agua potable | D15: UND | E15: 1 | F15: 75000 | G15: =+E15*F15 -> 75000
B16: 3.4 | C16: Suministro e instalación de valvula control de 1/2 agua potable | D16: UND | E16: 12 | F16: 140000 | G16: =+E16*F16 -> 1680000
B17: 3.5 | C17: Suministro e instalación de Mesón de trabajo en acero inoxidable. incluye grifería y sifón | D17: UND | E17: 12 | F17: 1450000 | G17: =+E17*F17 -> 17400000
B18: 3.6 | C18: Reparación de ventana (en madera sapan con tratamiento para intemperie y acabado similar al existente) | D18: UND | E18: 2 | F18: 650000 | G18: =+E18*F18 -> 1300000
B19: 3.6 | C19: Reparación muro vandalizado (2x2x2 mts de altura) (en madera sapan con tratamiento para intemperie y acabado similar al existente) | D19: UND | E19: 1 | F19: 2500000 | G19: =+E19*F19 -> 2500000
B20: 3.7 | C20: Aplicación de pintura epoxica color gris para manteniminetos de pisos de modulos | D20: M2 | E20: 24 | F20: 68000 | G20: =+E20*F20 -> 1632000
B21: 4 | C21: TRABAJOS ELECTRICOS
B22: 4.1 | C22: Suministro e instalación tablero de distribución monofasico de 4 circuitos con puerta. Incluye 2 breaker enchufables 1x15 amp. | D22: UND | E22: 12 | F22: 260000 | G22: =+E22*F22 -> 3120000
B23: 4.2 | C23: Suninistro e instalación de salida para iluminación 110V, en tubería PVC SCH40 1/2, caja octagonal PVC SCH40, con alambre 1No.14F+1No.14N+1No.14T. Incluye luminaria. | D23: UND | E23: 12 | F23: 160000 | G23: =+E23*F23 -> 1920000
B24: 4.3 | C24: Suministro e instalación de salida para tomacorriente 110V, en tuberia PVC SCH40 1/2, caja 5800 PVC SCH40, con alambre 1No.12F+1No.12N+1No.14T. Incluye aparato. | D24: UND | E24: 24 | F24: 160000 | G24: =+E24*F24 -> 3840000
B25: 4.4 | C25: Suministro e instalación de salida para interruptor sencillo 110V, en tubería PVC SCH40 1/2, caja 5800 PVC SCH40, con alambre 1No.14F+1No.14N+1No.14T. Incluye interruptor. | D25: UND | E25: 12 | F25: 160000 | G25: =+E25*F25 -> 1920000
B26: 4.5 | C26: Suministro e instalación de varilla electrolitica 5/8 x 2.40 con conector y cable de cobre No. 8. | D26: UND | E26: 12 | F26: 215000 | G26: =+E26*F26 -> 2580000
C27: COSTO DIRECTO MATERIALES Y MANO DE OBRA | G27: =SUM(G4:G26) -> 68607000
C28: ADMINISTRACION | D28: 0.15 | G28: =+G27*D28 -> 10291050
C29: IMPREVISTOS | D29: 0.01 | G29: =+G27*D29 -> 686070
C30: UTILDAD | D30: 0.05 | G30: =+D30*G27 -> 3430350
C31: IVA 19% SOBRE UTILIDAD 10% | D31: 0.19 | G31: =+G30*D31 -> 651766.5
C32: COSTO TOTAL | G32: =SUM(G27:G31) -> 83666236

Sheet PRESUPUESTO CID
A2: Reparacion Modulos Comerciales ubicados en la plazoleta de la Calle 30 con Cra 5ta
A3: ITEM | B3: DESCRIPCIÓN | C3: UND. | D3: CANTIDAD | E3: VR UNITARIO | F3: VR TOTAL
A4: 1 | B4: PRELIMINARES
A5: 1.1 | B5: Retiro de muros interiores de lámina desuperboard, incluye limpieza. | C5: M2 | D5: 114 | E5: 7500 | F5: =+E5*D5 -> 855000
A6: 1.2 | B6: Limpieza y lavado general de los 12 modulos (interior y exterior) | C6: GLB | D6: 1 | E6: 1600000 | F6: =+E6*D6 -> 1600000
A7: 2 | B7: MANTENIMIENTO ESTRUCTURA METÁLICA
A8: 2.1 | B8: Mantenimiento estructura metálica en pintura de aceite 2 en 1 color negro (por modulo) | C8: UND. | D8: 12 | E8: 560000 | F8: =+E8*D8 -> 6720000
A9: 2.2 | B9: Revestimineto muros interiores en lámina superboard 6 mm | C9: M2 | D9: 140 | E9: 112000 | F9: =+E9*D9 -> 15680000
A10: 2.3 | B10: Suministro e instalación de aislamiento térmico en frescaza | C10: M2 | D10: 140 | E10: 22500 | F10: =+E10*D10 -> 3150000
A11: 2.4 | B11: Pintura de vinilo tipo 2 (2 manos) | C11: M2 | D11: 140 | E11: 24000 | F11: =+E11*D11 -> 3360000
A12: 3 | B12: ACTIVIDADES VARIAS
A13: 3.1 | B13: Siministro e instalación teja greca bronce | C13: M2 | D13: 10 | E13: 127000 | F13: =+E13*D13 -> 1270000
A14: 3.2 | B14: Suministro e instalación de desague sanitario | C14: UND | D14: 1 | E14: 130000 | F14: =+E14*D14 -> 130000
A15: 3.3 | B15: Suministro e instalación de agua potable | C15: UND | D15: 1 | E15: 130000 | F15: =+E15*D15 -> 130000
A16: 3.4 | B16: Suministro e instalación de valvula control de 1/2 agua potable | C16: UND | D16: 12 | E16: 91000 | F16: =+E16*D16 -> 1092000
A17: 3.5 | B17: Suministro e instalación de Mesón de trabajo en acero inoxidable. incluye grifería y sifón | C17: UND | D17: 12 | E17: 1350000 | F17: =+E17*D17 -> 16200000
A18: 3.6 | B18: Reparación de ventana (en madera sapan con tratamiento para intemperie y acabado similar al existente) | C18: UND | D18: 2 | E18: 580000 | F18: =+E18*D18 -> 1160000
A19: 3.7 | B19: Reparación muro vandalizado (2x2x2 mts de altura) (en madera sapan con tratamiento para intemperie y acabado similar al existente) | C19: UND | D19: 1 | E19: 2100000 | F19: =+E19*D19 -> 2100000
A20: 3.8 | B20: Aplicación de pintura epoxica color gris para manteniminetos de pisos de modulos | C20: M2 | D20: 24 | E20: 54200 | F20: =+E20*D20 -> 1300800
A21: 4 | B21: TRABAJOS ELECTRICOS
A22: 4.1 | B22: Suministro e instalación tablero de distribución monofasico de 4 circuitos con puerta. Incluye 2 breaker enchufables 1x15 amp. | C22: UND | D22: 12 | E22: 230000 | F22: =+E22*D22 -> 2760000
A23: 4.2 | B23: Suninistro e instalación de salida para iluminación 110V, en tubería PVC SCH40 1/2, caja octagonal PVC SCH40, con alambre 1No.14F+1No.14N+1No.14T. Incluye luminaria. | C23: UND | D23: 12 | E23: 165000 | F23: =+E23*D23 -> 1980000
A24: 4.3 | B24: Suministro e instalación de salida para tomacorriente 110V, en tuberia PVC SCH40 1/2, caja 5800 PVC SCH40, con alambre 1No.12F+1No.12N+1No.14T. Incluye aparato. | C24: UND | D24: 24 | E24: 137000 | F24: =+E24*D24 -> 3288000
A25: 4.4 | B25: Suministro e instalación de salida para interruptor sencillo 110V, en tubería PVC SCH40 1/2, caja 5800 PVC SCH40, con alambre 1No.14F+1No.14N+1No.14T. Incluye interruptor. | C25: UND | D25: 12 | E25: 137000 | F25: =+E25*D25 -> 1644000
A26: 4.5 | B26: Suministro e instalación de varilla electrolitica 5/8 x 2.40 con conector y cable de cobre No. 8. | C26: UND | D26: 12 | E26: 198500 | F26: =+E26*D26 -> 2382000
A27: SUBTOTAL OBRAS | F27: =SUM(F5:F26) -> 66801800
D29: Concepto | E29: Porcentaje | F29: Valor
D30: ADMINISTRACIÓN | E30: 0.15 | F30: =+F27*E30 -> 10020270
D31: IMPREVISTO | E31: 0.02 | F31: =+F27*E31 -> 1336036
D32: UTILIDAD | E32: 0.05 | F32: =+F27*E32 -> 3340090
D33: IVA/UTILIDAD | E33: 0.19 | F33: =+F32*E33 -> 634617.1
D34: TOTAL INDIRECTOS | F34: =SUM(F30:F33) -> 15331013
D35: VALOR TOTAL + A.I.U | F35: =+F34+F27 -> 82132813

Sheet PRESUPUESTO AFRA
A2: NOMBRE: | B2: PROPUESTA ECONÓMICA: REPARACIÓN DE MODULOS COMERCIALES UBICADOS EN LA PLAZOLETA DE LA CALLE 30 CON CRA 5TA - SANTA MARTA,MAGADELA 2025.
A3: Ítem | B3: DESCRPCION | C3: UND | D3: CANT | E3: $ UNT. | F3: $ TOTAL
A4: 1 | B4: PRELIMINAR | F4: =SUM(F5:F6) -> 3026000
A5: 1.1 | B5: Retiro de muros interiores de lámina de superboard, incluye limpieza. | C5: m² | D5: 114 | E5: 9000 | F5: =+D5*E5 -> 1026000
A6: 1.2 | B6: Limpieza y lavado general de los 12 modulos (interior y exterior) | C6: glo | D6: 1 | E6: 2000000 | F6: =+D6*E6 -> 2000000
A7: 2 | B7: MANTENIMIENTO ESTRUCTURA METÁLICA | F7: =SUM(F8:F11) -> 29480000
A8: 2.1 | B8: Mantenimiento estructura metálica en pintura de aceite 2 en 1 color negro (por modulo) | C8: und | D8: 12 | E8: 450000 | F8: =+D8*E8 -> 5400000
A9: 2.2 | B9: Revestimineto muros interiores en lámina superboard 6 mm | C9: m² | D9: 140 | E9: 122000 | F9: =+D9*E9 -> 17080000
A10: 2.3 | B10: Suministro e instalación de aislamiento térmico en frescaza | C10: m² | D10: 140 | E10: 26000 | F10: =+D10*E10 -> 3640000
A11: 2.4 | B11: Suministro y aplicación de estuco y pintura de vinilo tipo 2 (2 manos) | C11: m² | D11: 140 | E11: 24000 | F11: =+D11*E11 -> 3360000
A12: 3 | B12: ACTIVIDADES VARIAS | F12: =SUM(F13:F20) -> 24922000
A13: 3.1 | B13: Siministro e instalación teja greca bronce (modulo 2) | C13: m² | D13: 10 | E13: 120000 | F13: =+D13*E13 -> 1200000
A14: 3.2 | B14: Suministro e instalación de desague sanitario (modulo 2) | C14: und | D14: 1 | E14: 130000 | F14: =+D14*E14 -> 130000
A15: 3.3 | B15: Suministro e instalación de agua potable (moculo 2) | C15: und | D15: 1 | E15: 80000 | F15: =+D15*E15 -> 80000
A16: 3.4 | B16: Suministro e instalación de valvula control de 1/2 agua potable | C16: und | D16: 12 | E16: 135000 | F16: =+D16*E16 -> 1620000
A17: 3.5 | B17: Suministro e instalación de Mesón de trabajo en acero inoxidable (incluye grifería y sifón) | C17: und | D17: 12 | E17: 1400000 | F17: =+D17*E17 -> 16800000
A18: 3.6 | B18: Reparación de la ventana (modulo 3) (en material existente en caso tal de no conseguirse el mismo material se usara madera sapan con tratamiento para intemperie y acabado similar al existente) | C18: und | D18: 2 | E18: 600000 | F18: =+D18*E18 -> 1200000
A19: 3.7 | B19: Reparación muro vandalizado (2x2x2 mts de alturamodulo 2) (en material existente en caso tal de no conseguirse el mismo material se usara madera sapan con tratamiento para intemperie y acabado similar al existente) | C19: und | D19: 1 | E19: 2500000 | F19: =+D19*E19 -> 2500000
A20: 3.8 | B20: Aplicación de pintura epoxica color gris para manteniminetos de pisos de modulos | C20: und | D20: 24 | E20: 58000 | F20: =+D20*E20 -> 1392000
A21: 2 | B21: INSTALACIONES ELÉCTRICAS | F21: =SUM(F22:F26) -> 11520000
A22: 4.1 | B22: Suministro e instalación tablero de distribución monofasico de 4 circuitos con puerta. Incluye 2 breaker enchufables 1x15 amp. | C22: UND | D22: 12 | E22: 210000 | F22: =+D22*E22 -> 2520000
A23: 4.2 | B23: Suministro e instalación de salida para iluminación 110V, en tubería PVC SCH40 1/2, caja octagonal PVC SCH40, con alambre 1No.14F+1No.14N+1No.14T. Incluye luminaria. | C23: und | D23: 12 | E23: 135000 | F23: =+D23*E23 -> 1620000
A24: 4.3 | B24: Suministro e instalación de salida para tomacorriente 110V, en tuberia PVC SCH40 1/2, caja 5800 PVC SCH40, con alambre 1No.12F+1No.12N+1No.14T. Incluye aparato. | C24: und | D24: 24 | E24: 135000 | F24: =+D24*E24 -> 3240000
A25: 4.4 | B25: Suministro e instalación de salida para interruptor sencillo 110V, en tubería PVC SCH40 1/2, caja 5800 PVC SCH40, con alambre 1No.14F+1No.14N+1No.14T. Incluye interruptor. | C25: und | D25: 12 | E25: 135000 | F25: =+D25*E25 -> 1620000
A26: 4.5 | B26: Suministro e instalación de varilla electrolitica 5/8 x 2.40 con conector y cable de cobre No. 8. | C26: und | D26: 12 | E26: 210000 | F26: =+D26*E26 -> 2520000
B28: COSTO DIRECTO | F28: =+F21+F12+F7+F4 -> 68948000
B29: ADMINISTRACION | E29: 0.15 | F29: =+F28*E29 -> 10342200
B30: IMPREVISTO | E30: 0.01 | F30: =+F28*E30 -> 689480
B31: UTILIDAD | E31: 0.05 | F31: =+F28*E31 -> 3447400
A32: VALOR NETO (AIU) | F32: =SUM(F29:F31) -> 14479080
B33: IVA | E33: 0.19 | F33: =+F31*E33 -> 655006
A34: VALOR TOTAL | F34: =+F28+F32+F33 -> 84082086

Sheet PREP-ROMEDIOS
B2: PRESUPUESTO MANTENIMIENTO OBRAS CIVILES | G2: BICAB SAS | J2: CID | M2: AFFRA | P2: PROMEDIO
B3: ITEM | C3: DESCRIPCION | D3: UNID | E3: CAN. | G3: VR. UNIT | H3: VR. TOTAL | J3: VR. UNIT | K3: VR. TOTAL | M3: VR. UNIT | N3: VR. TOTAL | P3: VR. UNIT | Q3: VR. TOTAL
B4: 1 | C4: PRELIMINARES
B5: 1.1 | C5: Retiro de muros interiores de lámina desuperboard, incluye limpieza. | D5: M2 | E5: 114 | G5: =+'PRESUPUESTO BICABA SAS'!F5 -> 5000 | H5: =+E5*G5 -> 570000 | J5: =+'PRESUPUESTO CID'!E5 -> 7500 | K5: =+E5*J5 -> 855000 | M5: =+'PRESUPUESTO AFRA'!E5 -> 9000 | N5: =+E5*M5 -> 1026000 | P5: =MROUND(((G5+J5+M5)/3),500) -> 7000 | Q5: =+E5*P5 -> 798000
B6: 1.2 | C6: Limpieza y lavado general de los 12 modulos (interior y exterior) | D6: GLB | E6: 1 | G6: =+'PRESUPUESTO BICABA SAS'!F6 -> 2500000 | H6: =+E6*G6 -> 2500000 | J6: =+'PRESUPUESTO CID'!E6 -> 1600000 | K6: =+E6*J6 -> 1600000 | M6: =+'PRESUPUESTO AFRA'!E6 -> 2000000 | N6: =+E6*M6 -> 2000000 | P6: =MROUND(((G6+J6+M6)/3),500) -> 2033500 | Q6: =+E6*P6 -> 2033500
B7: 2 | C7: MANTENIMIENTO ESTRUCTURA METÁLICA
B8: 2.1 | C8: Mantenimiento estructura metálica en pintura de aceite 2 en 1 color negro (por modulo) | D8: UND. | E8: 12 | G8: =+'PRESUPUESTO BICABA SAS'!F8 -> 520000 | H8: =+E8*G8 -> 6240000 | J8: =+'PRESUPUESTO CID'!E8 -> 560000 | K8: =+E8*J8 -> 6720000 | M8: =+'PRESUPUESTO AFRA'!E8 -> 450000 | N8: =+E8*M8 -> 5400000 | P8: =MROUND(((G8+J8+M8)/3),500) -> 510000 | Q8: =+E8*P8 -> 6120000
B9: 2.2 | C9: Revestimineto muros interiores en lámina superboard 6 mm | D9: M2 | E9: 140 | G9: =+'PRESUPUESTO BICABA SAS'!F9 -> 105000 | H9: =+E9*G9 -> 14700000 | J9: =+'PRESUPUESTO CID'!E9 -> 112000 | K9: =+E9*J9 -> 15680000 | M9: =+'PRESUPUESTO AFRA'!E9 -> 122000 | N9: =+E9*M9 -> 17080000 | P9: =MROUND(((G9+J9+M9)/3),500) -> 113000 | Q9: =+E9*P9 -> 15820000
B10: 2.3 | C10: Suministro e instalación de aislamiento térmico en frescaza | D10: M2 | E10: 140 | G10: =+'PRESUPUESTO BICABA SAS'!F10 -> 16000 | H10: =+E10*G10 -> 2240000 | J10: =+'PRESUPUESTO CID'!E10 -> 22500 | K10: =+E10*J10 -> 3150000 | M10: =+'PRESUPUESTO AFRA'!E10 -> 26000 | N10: =+E10*M10 -> 3640000 | P10: =MROUND(((G10+J10+M10)/3),500) -> 21500 | Q10: =+E10*P10 -> 3010000
B11: 2.4 | C11: Pintura de vinilo tipo 2 (2 manos) | D11: M2 | E11: 140 | G11: =+'PRESUPUESTO BICABA SAS'!F11 -> 22000 | H11: =+E11*G11 -> 3080000 | J11: =+'PRESUPUESTO CID'!E11 -> 24000 | K11: =+E11*J11 -> 3360000 | M11: =+'PRESUPUESTO AFRA'!E11 -> 24000 | N11: =+E11*M11 -> 3360000 | P11: =MROUND(((G11+J11+M11)/3),500) -> 23500 | Q11: =+E11*P11 -> 3290000
B12: 3 | C12: ACTIVIDADES VARIAS
B13: 3.1 | C13: Siministro e instalación teja greca bronce | D13: M2 | E13: 10 | G13: =+'PRESUPUESTO BICABA SAS'!F13 -> 125000 | H13: =+E13*G13 -> 1250000 | J13: =+'PRESUPUESTO CID'!E13 -> 127000 | K13: =+E13*J13 -> 1270000 | M13: =+'PRESUPUESTO AFRA'!E13 -> 120000 | N13: =+E13*M13 -> 1200000 | P13: =MROUND(((G13+J13+M13)/3),500) -> 124000 | Q13: =+E13*P13 -> 1240000
B14: 3.2 | C14: Suministro e instalación de desague sanitario | D14: UND | E14: 1 | G14: =+'PRESUPUESTO BICABA SAS'!F14 -> 60000 | H14: =+E14*G14 -> 60000 | J14: =+'PRESUPUESTO CID'!E14 -> 130000 | K14: =+E14*J14 -> 130000 | M14: =+'PRESUPUESTO AFRA'!E14 -> 130000 | N14: =+E14*M14 -> 130000 | P14: =MROUND(((G14+J14+M14)/3),500) -> 106500 | Q14: =+E14*P14 -> 106500
B15: 3.3 | C15: Suministro e instalación de agua potable | D15: UND | E15: 1 | G15: =+'PRESUPUESTO BICABA SAS'!F15 -> 75000 | H15: =+E15*G15 -> 75000 | J15: =+'PRESUPUESTO CID'!E15 -> 130000 | K15: =+E15*J15 -> 130000 | M15: =+'PRESUPUESTO AFRA'!E15 -> 80000 | N15: =+E15*M15 -> 80000 | P15: =MROUND(((G15+J15+M15)/3),500) -> 95000 | Q15: =+E15*P15 -> 95000
B16: 3.4 | C16: Suministro e instalación de valvula control de 1/2 agua potable | D16: UND | E16: 12 | G16: =+'PRESUPUESTO BICABA SAS'!F16 -> 140000 | H16: =+E16*G16 -> 1680000 | J16: =+'PRESUPUESTO CID'!E16 -> 91000 | K16: =+E16*J16 -> 1092000 | M16: =+'PRESUPUESTO AFRA'!E16 -> 135000 | N16: =+E16*M16 -> 1620000 | P16: =MROUND(((G16+J16+M16)/3),500) -> 122000 | Q16: =+E16*P16 -> 1464000
B17: 3.5 | C17: Suministro e instalación de Mesón de trabajo en acero inoxidable. incluye grifería y sifón | D17: UND | E17: 12 | G17: =+'PRESUPUESTO BICABA SAS'!F17 -> 1450000 | H17: =+E17*G17 -> 17400000 | J17: =+'PRESUPUESTO CID'!E17 -> 1350000 | K17: =+E17*J17 -> 16200000 | M17: =+'PRESUPUESTO AFRA'!E17 -> 1400000 | N17: =+E17*M17 -> 16800000 | P17: =MROUND(((G17+J17+M17)/3),500) -> 1400000 | Q17: =+E17*P17 -> 16800000
B18: 3.6 | C18: Reparación de ventana (en madera sapan con tratamiento para intemperie y acabado similar al existente) | D18: UND | E18: 2 | G18: =+'PRESUPUESTO BICABA SAS'!F18 -> 650000 | H18: =+E18*G18 -> 1300000 | J18: =+'PRESUPUESTO CID'!E18 -> 580000 | K18: =+E18*J18 -> 1160000 | M18: =+'PRESUPUESTO AFRA'!E18 -> 600000 | N18: =+E18*M18 -> 1200000 | P18: =MROUND(((G18+J18+M18)/3),500) -> 610000 | Q18: =+E18*P18 -> 1220000
B19: 3.7 | C19: Reparación muro vandalizado (2x2x2 mts de altura) (en madera sapan con tratamiento para intemperie y acabado similar al existente) | D19: UND | E19: 1 | G19: =+'PRESUPUESTO BICABA SAS'!F19 -> 2500000 | H19: =+E19*G19 -> 2500000 | J19: =+'PRESUPUESTO CID'!E19 -> 2100000 | K19: =+E19*J19 -> 2100000 | M19: =+'PRESUPUESTO AFRA'!E19 -> 2500000 | N19: =+E19*M19 -> 2500000 | P19: =MROUND(((G19+J19+M19)/3),500) -> 2366500 | Q19: =+E19*P19 -> 2366500
B20: 3.8 | C20: Aplicación de pintura epoxica color gris para manteniminetos de pisos de modulos | D20: M2 | E20: 24 | G20: =+'PRESUPUESTO BICABA SAS'!F20 -> 68000 | H20: =+E20*G20 -> 1632000 | J20: =+'PRESUPUESTO CID'!E20 -> 54200 | K20: =+E20*J20 -> 1300800 | M20: =+'PRESUPUESTO AFRA'!E20 -> 58000 | N20: =+E20*M20 -> 1392000 | P20: =MROUND(((G20+J20+M20)/3),500) -> 60000 | Q20: =+E20*P20 -> 1440000
B21: 4 | C21: TRABAJOS ELECTRICOS
B22: 4.1 | C22: Suministro e instalación tablero de distribución monofasico de 4 circuitos con puerta. Incluye 2 breaker enchufables 1x15 amp. | D22: UND | E22: 12 | G22: =+'PRESUPUESTO BICABA SAS'!F22 -> 260000 | H22: =+E22*G22 -> 3120000 | J22: =+'PRESUPUESTO CID'!E22 -> 230000 | K22: =+E22*J22 -> 2760000 | M22: =+'PRESUPUESTO AFRA'!E22 -> 210000 | N22: =+E22*M22 -> 2520000 | P22: =MROUND(((G22+J22+M22)/3),500) -> 233500 | Q22: =+E22*P22 -> 2802000
B23: 4.2 | C23: Suninistro e instalación de salida para iluminación 110V, en tubería PVC SCH40 1/2, caja octagonal PVC SCH40, con alambre 1No.14F+1No.14N+1No.14T. Incluye luminaria. | D23: UND | E23: 12 | G23: =+'PRESUPUESTO BICABA SAS'!F23 -> 160000 | H23: =+E23*G23 -> 1920000 | J23: =+'PRESUPUESTO CID'!E23 -> 165000 | K23: =+E23*J23 -> 1980000 | M23: =+'PRESUPUESTO AFRA'!E23 -> 135000 | N23: =+E23*M23 -> 1620000 | P23: =MROUND(((G23+J23+M23)/3),500) -> 153500 | Q23: =+E23*P23 -> 1842000
B24: 4.3 | C24: Suministro e instalación de salida para tomacorriente 110V, en tuberia PVC SCH40 1/2, caja 5800 PVC SCH40, con alambre 1No.12F+1No.12N+1No.14T. Incluye aparato. | D24: UND | E24: 24 | G24: =+'PRESUPUESTO BICABA SAS'!F24 -> 160000 | H24: =+E24*G24 -> 3840000 | J24: =+'PRESUPUESTO CID'!E24 -> 137000 | K24: =+E24*J24 -> 3288000 | M24: =+'PRESUPUESTO AFRA'!E24 -> 135000 | N24: =+E24*M24 -> 3240000 | P24: =MROUND(((G24+J24+M24)/3),500) -> 144000 | Q24: =+E24*P24 -> 3456000
B25: 4.4 | C25: Suministro e instalación de salida para interruptor sencillo 110V, en tubería PVC SCH40 1/2, caja 5800 PVC SCH40, con alambre 1No.14F+1No.14N+1No.14T. Incluye interruptor. | D25: UND | E25: 12 | G25: =+'PRESUPUESTO BICABA SAS'!F25 -> 160000 | H25: =+E25*G25 -> 1920000 | J25: =+'PRESUPUESTO CID'!E25 -> 137000 | K25: =+E25*J25 -> 1644000 | M25: =+'PRESUPUESTO AFRA'!E25 -> 135000 | N25: =+E25*M25 -> 1620000 | P25: =MROUND(((G25+J25+M25)/3),500) -> 144000 | Q25: =+E25*P25 -> 1728000
B26: 4.5 | C26: Suministro e instalación de varilla electrolitica 5/8 x 2.40 con conector y cable de cobre No. 8. | D26: UND | E26: 12 | G26: =+'PRESUPUESTO BICABA SAS'!F26 -> 215000 | H26: =+E26*G26 -> 2580000 | J26: =+'PRESUPUESTO CID'!E26 -> 198500 | K26: =+E26*J26 -> 2382000 | M26: =+'PRESUPUESTO AFRA'!E26 -> 210000 | N26: =+E26*M26 -> 2520000 | P26: =MROUND(((G26+J26+M26)/3),500) -> 208000 | Q26: =+E26*P26 -> 2496000
C27: COSTO DIRECTO MATERIALES Y MANO DE OBRA | H27: =SUM(H4:H26) -> 68607000 | K27: =SUM(K4:K26) -> 66801800 | N27: =SUM(N4:N26) -> 68948000 | Q27: =SUM(Q4:Q26) -> 68127500
C28: ADMINISTRACION | G28: 0.15 | H28: =+H27*G28 -> 10291050 | J28: 0.15 | K28: =+K27*J28 -> 10020270 | M28: 0.15 | N28: =+N27*M28 -> 10342200 | P28: =(G28+J28+M28)/3 -> 0.15 | Q28: =+Q27*P28 -> 10219125
C29: IMPREVISTOS | G29: 0.01 | H29: =+H27*G29 -> 686070 | J29: 0.02 | K29: =+K27*J29 -> 1336036 | M29: 0.01 | N29: =+N27*M29 -> 689480 | P29: =(G29+J29+M29)/3 -> 0.013333333 | Q29: =+Q27*P29 -> 908366.67
C30: UTILDAD | G30: 0.05 | H30: =+G30*H27 -> 3430350 | J30: 0.05 | K30: =+K27*J30 -> 3340090 | M30: 0.05 | N30: =+N27*M30 -> 3447400 | P30: =(G30+J30+M30)/3 -> 0.05 | Q30: =+Q27*P30 -> 3406375
C31: IVA 19% SOBRE UTILIDAD 10% | G31: 0.19 | H31: =+H30*G31 -> 651766.5 | J31: 0.19 | K31: =+K30*J31 -> 634617.1 | M31: 0.19 | N31: =+N30*M31 -> 655006 | P31: 0.19 | Q31: =+Q30*P31 -> 647211.25
C32: COSTO TOTAL | H32: =SUM(H27:H31) -> 83666236 | K32: =SUM(K27:K31) -> 82132813 | N32: =SUM(N27:N31) -> 84082086 | Q32: =SUM(Q27:Q31) -> 83308578
